 Dungeon Crawl Stone Soup version 0.17.1-3-g152610e (webtiles) character file.

81 Gargoyl the Skirmisher (level 4, -7/37 HPs)
             Began as a Demonspawn Abyssal Knight on Mar 14, 2016.
             Was a Believer of Lugonu.
             Killed by divine providence
             ... invoked by an orc priest
              (9 damage)
             ... on level 3 of the Dungeon.
             The game lasted 00:04:44 (2203 turns).

Gargoyl the Skirmisher (Demonspawn Abyssal Knight)  Turns: 2203, Time: 00:04:44

Health: -7/37      AC:  5    Str: 18    XL:     4   Next: 19%
Magic:  6/6        EV:  8    Int: 18    God:    Lugonu [**....]
Gold:   67         SH:  8    Dex: 13    Spells: 0 memorised, 3 levels left

rFire  . . .     SeeInvis .     o - +0 war axe
rCold  . . .     Clarity  .     h - +0 ring mail
rNeg   . . .     SustAt   .     i - +1 shield
rPois  .         Gourm    .     (helmet unavailable)
rElec  .         Spirit   .     (no cloak)
rCorr  .         Warding  .     (no gloves)
rMut   .         Stasis   .     (no boots)
MR     .....                    (no amulet)
Stlth  +.........               (no ring)
                                (no ring)

@: mighty, brilliant, not resistant to hostile enchantments, very unstealthy
A: horns 3
a: Depart the Abyss, Bend Space, Renounce Religion


You were on level 3 of the Dungeon.
You worshipped Lugonu.
Lugonu was pleased with you.
You were not hungry.

You visited 1 branch of the dungeon, and saw 3 of its levels.
You visited the Abyss 1 time.

You collected 67 gold pieces.

Inventory:

Hand Weapons
 n - a +0 flail
 o - a +0 war axe (weapon)
Armour
 h - a +0 ring mail (worn)
 i - a +1 shield (worn)
Scrolls
 a - 3 scrolls of teleportation {unknown}
 d - a scroll of enchant armour
 e - 3 scrolls of remove curse {unknown}
 g - 3 scrolls of identify {unknown}
 l - a scroll of fog {unknown}
Comestibles
 c - 3 bread rations
 f - 3 meat rations


   Skills:
 + Level 3.7 Fighting
 + Level 2.5 Axes
 + Level 2.3 Armour
 + Level 1.4 Dodging
 + Level 0.1 Shields
 + Level 3.0 Invocations


You had 3 spell levels left.
You didn't know any spells.

Dungeon Overview and Level Annotations

Branches:
Dungeon (3/15)

Altars:

Annotations:
D:3 Sigmund


Innate Abilities, Weirdness & Mutations

You have a pair of large horns on your head.


Message History

* * * LOW HITPOINT WARNING * * *
The orc moves out of view.
Drink which item? (? for menu, Esc to quit)
It was a potion of brilliance.
You feel clever all of a sudden.
The giant cockroach bites you but does no damage.
The orc priest barely misses you. The kobold closely misses you.
You block Sigmund's attack.
The giant cockroach bites you but does no damage.
Read which item? (? for menu, Esc to quit)
As you read the scroll labeled PUYRUI LOFFAIL, it crumbles to dust.
It is a scroll of enchant armour.
Enchant which item? (? for menu, Esc to quit)
Your +0 shield glows green for a moment.
You block the orc's attack. You block the orc priest's attack.
The kobold hits you but does no damage. The giant cockroach closely misses you.
You block the orc priest's attack. You block the kobold's attack.
The orc priest invokes the aid of Beogh against you.
Something smites you!
You die...

###.###.#
#.......#
##..######
#..#....#
#....##.#
##.####.#
###..#....# .
#....#†#### ...
#@####.####
....o##os..#..^.#
......K@...####.#
##...oo....# #
#.........#
#.........#
#.........#
#...?.....#
#.........#


You could see Sigmund, 2 orc priests, an orc, a giant cockroach and a kobold.

Vanquished Creatures
  3 adders
  A worm (D:2)
  5 bats
  7 goblins
  5 hobgoblins
  2 jackals (D:2)
  A ball python (D:1)
  5 giant cockroaches
  4 giant geckos
  2 giant newts (D:1)
  6 kobolds (D:1)
  7 rats
48 creatures vanquished.

Vanquished Creatures (others)
  A small abomination (Abyss:1)
1 creature vanquished.

Grand Total: 49 creatures vanquished

Notes
Turn   | Place    | Note
--------------------------------------------------------------
     0 | Abyss:1  | Gargoyl the Demonspawn Abyssal Knight began the quest for the Orb.
     0 | Abyss:1  | Reached XP level 1. HP: 18/18 MP: 2/2
   117 | Abyss:1  | Killed a small abomination
   125 | D:1      | Escaped the Abyss
   171 | D:1      | Reached * piety under Lugonu
   387 | D:1      | Gained mutation: You have a pair of small horns on your head. [demonic ancestry]
   387 | D:1      | Reached XP level 2. HP: 24/24 MP: 4/4
   937 | D:1      | Gained mutation: You have a pair of horns on your head. [demonic ancestry]
   937 | D:1      | Reached XP level 3. HP: 27/29 MP: 5/5
  1079 | D:2      | Reached ** piety under Lugonu
  1196 | D:2      | Reached skill level 1 in Dodging
  1918 | D:2      | Gained mutation: You have a pair of large horns on your head. [demonic ancestry]
  1918 | D:2      | Reached XP level 4. HP: 32/36 MP: 6/6
  2196 | D:3      | Noticed Sigmund
  2199 | D:3      | HP: 1/37 [orc priest/divine providence (16)]
  2203 | D:3      | Killed from afar by an orc priest

Action                   |  1- 3 |  4- 6 || total
-------------------------+-------+-------++-------
Melee: Hand axe          |   120 |       ||   120
       War axe           |    17 |    12 ||    29
Invok: Depart the Abyss  |     1 |       ||     1
  Use: Potion            |       |     3 ||     3
       Scroll            |       |     1 ||     1
  Eat: Chunk             |     3 |     1 ||     4
